 Dungeon Sprint DCSS version 0.26-a0-712-ga5a9c9c9d0 (webtiles) character file.

Game seed: 424708111069470655

16064 sahdkjhfkaj the Severer (level 12, -6/105 HPs)
             Began as a Formicid Fighter on Oct 31, 2020.
             Was an Initiate of Gozag.
             Killed from afar by a purple draconian (29 damage)
             ... with a bolt of dispelling energy
             ... in the Dungeon (Sprint V: "Ziggurat Sprint").
             The game lasted 00:04:26 (883 turns).

sahdkjhfkaj the Severer (Formicid Fighter)           Turns: 883, Time: 00:04:26

Health: -6/105     AC: 31    Str: 35    XL:     12   Next: 65%
Magic:  9/9        EV:  8    Int:  9    God:    Gozag
Gold:   1919       SH: 33    Dex: 10    Spells: 11/11 levels left

rFire    . . .     SeeInvis +   c - +8 executioner's axe (elec)
rCold    . . .     Faith    .   D - +18 shield of the Gong {rElec rN+ MR+ EV-5}
rNeg     + . .     Spirit   .   C - +15 Maxwell's patent armour {-Cast -Tele rElec MR+ rCorr}
rPois    .         Reflect  .   (helmet unavailable)
rElec    +         Harm     .   (no cloak)
rCorr    +         Rampage  .   (no gloves)
MR       +++..     NoCast   +   (no boots)
Stlth    ..........             (no amulet)
HPRegen  0.27/turn              x - +6 ring of strength
MPRegen  0.11/turn              y - +6 ring of strength

@: gold aura
A: permanent stasis, dig shafts and tunnels, four strong arms, antennae 3,
deterioration 1, low mp 2, weak 1
a: Dig, Potion Petition, Call Merchant, Bribe Branch, Renounce Religion


You were in the Dungeon.
You worshipped Gozag.
Gozag was most pleased with you.
You visited 1 branch You collected 3906 gold pieces.
You spent 291 gold pieces at shops.
You paid 1696 gold pieces to Gozag.

Inventory:

Hand Weapons
 c - a +8 executioner's axe of electrocution (weapon)
Armour
 C - the +15 Maxwell's patent armour (worn) {-Cast -Tele rElec MR+ rCorr}
   (You found it in the Dungeon)

   It insulates you from electricity.
   It affects your resistance to hostile enchantments.
   It prevents spellcasting.
   It prevents most forms of teleportation.
   It provides partial protection from all sources of acid and corrosion.
 D - the +18 shield of the Gong (worn) {rElec rN+ MR+ EV-5}
   (You found it in the Dungeon)

   It affects your evasion (-5).
   It insulates you from electricity.
   It protects you from negative energy.
   It affects your resistance to hostile enchantments.
Jewellery
 s - an uncursed ring of flight
 t - a +6 ring of dexterity
 u - a +6 ring of dexterity
 v - a +6 ring of intelligence
 w - a +6 ring of intelligence
 x - a +6 ring of strength (left hand)
 y - a +6 ring of strength (right hand)
Wands
 z - a wand of disintegration (7)
 A - a wand of iceblast (7)
 B - a wand of acid (7)
Scrolls
 k - a scroll of brand weapon {!r}
 m - 4 scrolls of amnesia {!r}
 n - 7 scrolls of fog {!r}
 o - a scroll of holy word {!r}
 p - 5 scrolls of identify {!r}
 q - 5 scrolls of remove curse {!r}
 r - 2 scrolls of fear {!r}
 E - 4 scrolls of enchant armour {!r}
Potions
 d - 4 potions of might {!q}
 e - 9 potions of curing {!q}
 f - 2 potions of heal wounds {!q}
 g - 7 potions of magic {!q}
 h - 2 potions of brilliance {!q}
 i - 2 potions of invisibility {!q}
 j - 4 potions of resistance {!q}
 l - 5 potions of stabbing {!q}
Miscellaneous
 a - a tin of tremorstones (3/3)
 b - a lightning rod (4/4)


   Skills:
 + Level 13.4 Fighting
 * Level 18.3 Axes
 + Level 13.7 Armour
 + Level 11.3 Dodging
 + Level 14.6 Shields


You had 11 spell levels left.
You didn't know any spells.
Your spell library contained the following spells:

 Spells                   Type           Power        Failure   Level
 Foxfire                  Conj/Fire      #...         88%         1
 Shock                    Conj/Air       #...         88%         1
 Passwall                 Tmut/Erth      #.......     96%         2
 Fulminant Prism          Conj/Hex       #.........   100%        4
 Passage of Golubria      Tloc           N/A          100%        4
 Sticky Flame             Conj/Fire      #.......     100%        4
 Agony                    Necr           #.......     100%        5
 Excruciating Wounds      Necr           #.........   100%        5
 Lee's Rapid Deconstruct  Erth           #.........   100%        5
 Invisibility             Hex            #.......     100%        6
 Swiftness                Air            Unusable     N/A         2

Dungeon Overview and Level Annotations

Branches:
Dungeon (1/1)

Altars:
Ashenzari
Cheibriados
Dithmenos
Elyvilon
Fedhas
Gozag
Hepliaklqana
Kikubaaqudgha
Makhleb
Nemelex Xobeh
Okawaru
Qazlal
Ru
Sif Muna
Trog
Uskayaw
Vehumet
Wu Jian
Xom
Yredelemnul
Zin
The Shining One
Beogh
Jiyva
Lugonu

Shops:
D [?

Annotations:
D 1 transporter


Innate Abilities, Weirdness & Mutations

You cannot be hasted, slowed, berserked, paralysed or teleported.
You can dig through walls and to a lower floor.
Your four strong arms can wield two-handed weapons with a shield.
You have a pair of large antennae on your head. (SInv)
Your body sometimes deteriorates upon taking damage.
Your magical capacity is very low. (-20% MP)
You are weak. (Str -2)


Message History

PANG!
The white draconian completely misses you.
You block the purple draconian's attack.
GONNNNG!
Things that are here:
144 gold pieces; a +0 hand axe; a +0 hand axe Unknown command.
You closely miss the purple draconian.
The purple draconian is lightly wounded.
The red draconian breathes flames at you.
The searing blast hits you!
* * * LOW HITPOINT WARNING * * *
You block the white draconian's attack.
PTOANNNG!
You chop the purple draconian into pieces!!!
The purple draconian is heavily wounded.
The purple draconian breathes dispelling energy at you.
The bolt of dispelling energy hits you!!
You die...
Your body crumbles into a pile of gold.

▓....©...
▓▓▓▓▓▓▓▓▓▓▓▓▓▓▓▓▓▓▓▓▓
▓...8©8...▓...8©8...▓
▓..|::}...▓..:=))|..▓
▓.."):[=..▓..)})[|..▓
▓.........▓.........▓
▓.........▓.........▓
▓.dd..d...▓.........▓
▓..$@$....▓.........▓
▓..▓.$.▓..▓.........▓
▓.▓.$$.§▓.▓.▓.....▓.▓
▓....©....▓....©....▓
▓▓▓▓▓▓▓▓▓▓▓▓▓▓▓▓▓▓▓▓▓


{{{{{{{{ {{{{{{{{{{{ {{{{{{{{{ {{{{{{{{{{{ {{{{{{{{{ You could see a purple
draconian (catching breath), a red draconian and a white draconian.

Vanquished Creatures
  An azure jelly (D)
  2 green draconians (D)
  3 black draconians (D)
  A purple draconian (D)
  A yellow draconian (D)
  A mummy priest (D)
  A death ooze (D)
  2 two-headed ogres (D)
  A deep elf archer (D)
  2 shining eyes (D)
  A deep elf mage (D)
  A moth of wrath (D)
  An eye of devastation (D)
  A guardian mummy (D)
  3 slime creatures (D)
  A flying skull (D)
  A redback (D)
  A tarantella (D)
  2 spriggans (D)
  2 ushabtiu (D)
  A fire elemental (D)
  A hell hound (D)
  A water moccasin (D)
  2 orc warriors (D)
  A black bear (D)
  4 phantoms (D)
  A necrophage (D)
  2 ogres (D)
  A wolf (D)
  6 scorpions (D)
  3 orc priests (D)
  An orc wizard (D)
  2 mummies (D)
  3 adders (D)
  A white imp (D)
  2 oozes (D)
  2 adder skeletons (D)
  3 ball pythons (D)
  A bat skeleton (D)
  A ball python skeleton (D)
  A jackal skeleton (D)
  A jackal zombie (D)
  A quokka skeleton (D)
71 creatures vanquished.

Vanquished Creatures (others)
  An adder zombie (D)
1 creature vanquished.

Grand Total: 72 creatures vanquished

Notes
Turn   | Place    | Note
-------+----------+-------------------------------------------
     0 | D        | sahdkjhfkaj the Formicid Fighter began the quest for the
                  | Orb.
     0 | D        | Reached XP level 1. HP: 18/18 MP: 1/1
     0 | D        | Found a shimmering blue altar of Sif Muna.
     0 | D        | Found a sacrificial altar of Ru.
     0 | D        | Found a bloodstained altar of Trog.
     0 | D        | Found a stormy altar of Qazlal.
     0 | D        | Found an iron altar of Okawaru.
     0 | D        | Found a sparkling altar of Nemelex Xobeh.
     0 | D        | Found a blossoming altar of Fedhas.
     1 | D        | Found the +6 Majin-Bo {vamp, MP+6 Int+6}
     1 | D        | Found the +9 heavy crossbow "Sniper" {vorpal, Acc+∞ SInv}
     1 | D        | Found the +10 dark maul {vorpal}
     1 | D        | Found the +15 Maxwell's patent armour {-Cast -Tele rElec
                  | MR+ rCorr}
     1 | D        | Found the +18 shield of the Gong {rElec rN+ MR+ EV-5}
     1 | D        | Found the cursed +14 obsidian axe {vorpal, +Fly SInv
                  | *Curse}
     1 | D        | Found the +7 great mace "Firestarter" {inner flame, rF++}
     1 | D        | Found the +6 shillelagh "Devastator" {shatter}
     1 | D        | Found the +11 plutonium sword {*Contam Stlth-}
     1 | D        | Found the +8 lance "Wyrmbane" {slay drac, rPois rF+ rC+
                  | AC+3}
     1 | D        | Found the +9 sword of Zonguldrok {reap}
     1 | D        | Found the cursed +13 scythe of Curses {drain, *Curse}
     1 | D        | Found the +0 sword of Power
     1 | D        | Found the +7 mace of Variability {chain chaos}
     1 | D        | Found the +7 Singing Sword {vorpal, sonic wave}
     1 | D        | Found the +8 storm bow {elec, penet}
     2 | D        | Found a transporter.
     2 | D        | Found an ancient bone altar of Kikubaaqudgha.
     2 | D        | Found a viscous altar of Jiyva.
     2 | D        | Found a corrupted altar of Lugonu.
     2 | D        | Found a hazy altar of Hepliaklqana.
     2 | D        | Found a burning altar of Makhleb.
     2 | D        | Found an opulent altar of Gozag.
   107 | D        | Became a worshipper of Gozag Ym Sagoz the Greedy
   115 | D        | Entered arena 2.
   115 | D        | Found a transporter.
   119 | D        | Reached skill level 3 in Axes
   119 | D        | Reached skill level 1 in Dodging
   119 | D        | Reached XP level 2. HP: 25/25 MP: 2/2
   130 | D        | Entered arena 3.
   130 | D        | Noticed a fire elemental
   130 | D        | Noticed a deep elf mage
   130 | D        | Noticed a deep elf archer
   130 | D        | Found a transporter.
   131 | D        | Reached skill level 9 in Axes
   131 | D        | Reached XP level 3. HP: 30/30 MP: 3/3
   133 | D        | Killed a fire elemental
   133 | D        | Reached skill level 5 in Fighting
   133 | D        | Reached skill level 10 in Axes
   133 | D        | Reached skill level 5 in Armour
   133 | D        | Reached skill level 5 in Shields
   133 | D        | Reached XP level 4. HP: 39/39 MP: 4/4
   133 | D        | Reached XP level 5. HP: 44/44 MP: 5/5
   140 | D        | Killed a deep elf mage
   140 | D        | Reached skill level 11 in Axes
   140 | D        | Reached XP level 6. HP: 30/53 MP: 6/6
   140 | D        | Reached XP level 7. HP: 33/59 MP: 7/7
   154 | D        | Killed a deep elf archer
   154 | D        | Reached skill level 12 in Axes
   154 | D        | Reached skill level 5 in Dodging
   154 | D        | Reached XP level 8. HP: 42/68 MP: 8/8
   375 | D        | Entered arena 4.
   375 | D        | Noticed a two-headed ogre
   375 | D        | Noticed a two-headed ogre
   375 | D        | Found a transporter.
   382 | D        | Killed a two-headed ogre
   382 | D        | Reached skill level 13 in Axes
   382 | D        | Reached XP level 9. HP: 64/75 MP: 9/9
   385 | D        | Killed a two-headed ogre
   385 | D        | Reached skill level 10 in Shields
   430 | D        | Entered arena 5.
   430 | D        | Found a transporter.
   432 | D        | Reached skill level 14 in Axes
   446 | D        | Reached skill level 10 in Armour
   446 | D        | Reached XP level 10. HP: 82/84 MP: 10/10
   481 | D        | Entered arena 6.
   481 | D        | Found a transporter.
   499 | D        | Entered arena 7.
   500 | D        | Found the +5 scythe "Finisher" {speed, eviscerate}
   500 | D        | Found a transporter.
   525 | D        | Got the Catalogue of Sinister Attacks
   527 | D        | Entered arena 8.
   528 | D        | Found a transporter.
   533 | D        | Reached skill level 10 in Fighting
   549 | D        | Entered arena 9.
   549 | D        | Noticed a mummy priest
   550 | D        | Found a transporter.
   558 | D        | Noticed a phantasmal warrior
   558 | D        | Noticed a jiangshi
   566 | D        | Killed a mummy priest
   566 | D        | Reached skill level 15 in Axes
   720 | D        | Entered arena 10.
   721 | D        | Found a transporter.
   732 | D        | Reached XP level 11. HP: 93/93 MP: 11/11
   761 | D        | Bought a scroll of enchant weapon for 97 gold pieces
   761 | D        | Bought a scroll of enchant weapon for 97 gold pieces
   761 | D        | Bought a scroll of enchant weapon for 97 gold pieces
   768 | D        | Entered arena 11.
   769 | D        | Found a transporter.
   802 | D        | Entered arena 12.
   802 | D        | Noticed a shining eye
   802 | D        | Gained mutation: Your magical capacity is low. (-10% MP) [a
                  | shining eye]
   803 | D        | Noticed a shining eye
   803 | D        | Noticed a death ooze
   803 | D        | Noticed an azure jelly
   804 | D        | Found a transporter.
   808 | D        | Gained mutation: Your body sometimes deteriorates upon
                  | taking damage. [a shining eye]
   809 | D        | Killed a death ooze
   809 | D        | Reached skill level 16 in Axes
   810 | D        | Killed a shining eye
   812 | D        | Gained mutation: You are weak. (Str -2) [a shining eye]
   814 | D        | Gained mutation: Your magical capacity is very low. (-20%
                  | MP) [a shining eye]
   815 | D        | Killed an azure jelly
   815 | D        | Reached skill level 10 in Dodging
   815 | D        | Killed a shining eye
   853 | D        | Entered arena 13.
   853 | D        | Noticed a green draconian
   853 | D        | Noticed a yellow draconian
   853 | D        | Noticed a black draconian
   853 | D        | Noticed a moth of wrath
   853 | D        | Noticed a green draconian
   853 | D        | Noticed a white draconian
   853 | D        | Noticed a purple draconian
   853 | D        | Noticed a red draconian
   854 | D        | Noticed a purple draconian
   854 | D        | Noticed a black draconian
   854 | D        | Noticed a black draconian
   856 | D        | Found a transporter.
   861 | D        | Killed a moth of wrath
   865 | D        | Killed a green draconian
   865 | D        | Reached skill level 17 in Axes
   865 | D        | Reached XP level 12. HP: 43/103 MP: 9/9
   867 | D        | Killed a black draconian
   867 | D        | Killed a black draconian
   867 | D        | Killed a yellow draconian
   867 | D        | Killed a green draconian
   867 | D        | Reached skill level 18 in Axes
   871 | D        | Killed a black draconian
   880 | D        | Killed a purple draconian
   883 | D        | Killed from afar by a purple draconian

Illustrated notes

Levels and vault maps discovered:
D:        sprint_v [room_start, room_1, room_2, room_3, room_4, room_5, room_6,
          room_7, room_8, room_9, room_10, room_11, room_12, room_13, room_14,
          room_15, room_16, room_17, room_18, room_19, room_20, room_21,
          room_22, room_23, room_24, room_25, room_26, room_27]

Skill      XL: |  1  2  3  4  5  6  7  8  9 10 11 12 |
---------------+-------------------------------------+-----
Axes           | 3 9 10 11 12 13 14 15 17 18 | 18.3
Dodging        | 1 3 4 5 6 7 8 10 11 | 11.3
Shields        | 4 5 7 8 9 10 11 13 14 | 14.6
Fighting       | 5 6 7 8 9 11 12 13 | 13.4
Armour         | 5 6 7 8 10 11 12 13 | 13.7

Action                   |  1- 3 |  4- 6 |  7- 9 | 10-12 || total
-------------------------+-------+-------+-------+-------++-------
Melee: Executioner's axe |     4 |     7 |    33 |    76 ||   120
Invok: Call Merchant     |       |       |       |     2 ||     2
       Potion Petition   |       |       |       |     1 ||     1
Evoke: Tin of tremorston |       |       |       |     1 ||     1
  Use: Potion            |     2 |       |       |    10 ||    12
       Scroll            |       |       |       |     4 ||     4
Armor: Plate armour      |       |     3 |     7 |    61 ||    71
Dodge: Dodged            |       |     1 |     2 |    20 ||    23
Block: Kite shield       |     8 |     5 |    42 |   159 ||   214

Table legend: (Time is in decaauts)
 A = Elapsed time spent in this place.
 B = Non-inter-level travel time spent in this place.
 C = Inter-level travel time spent in this place.
 D = Time resting spent in this place.
 E = Time spent auto-exploring this place.
 F = Levels seen in this place.
 G = Mean time per level.
                   A        B        C        D        E       F      G
               +--------+--------+--------+--------+--------+-----+--------+
         Total |    916 |    916 |      0 |    412 |     19 |   1 |  916.0 |
       Dungeon |    916 |    916 |      0 |    412 |     19 |   1 |  916.0 |
               +--------+--------+--------+--------+--------+-----+--------+

Top non-repeatable levels by time:
       D: 916 daAuts
